 Dungeon Crawl Stone Soup version 0.17.1-1-g73c8601 (webtiles) character file.

328 Rationalist the Shield-Bearer (level 6, -3/48 HPs)
             Began as a Formicid Fighter on Dec 13, 2015.
             Killed by nerve-wracking pain
             ... invoked by an orc priest
              (14 damage)
             ... on level 4 of the Dungeon.
             The game lasted 00:06:49 (3171 turns).

Rationalist the Shield-Bearer (Formicid Fighter)    Turns: 3171, Time: 00:06:50

Health: -3/48      AC:  7    Str: 26    XL:     6   Next: 80%
Magic:  6/6        EV: 10    Int:  7    God:
Gold:   167        SH: 10    Dex: 12    Spells: 0 memorised, 5 levels left

rFire  . . .     SeeInvis +     a - +0 war axe
rCold  . . .     Clarity  .     b - +0 scale mail
rNeg   + . .     SustAt   .     c - +0 shield
rPois  +         Gourm    .     (helmet unavailable)
rElec  .         Spirit   .     (no cloak)
rCorr  .         Warding  +     (no gloves)
rMut   .         Stasis   +     (no boots)
MR     .....                    E - amulet of warding
Stlth  ..........               m - ring of poison resistance
                                (no ring)

@: mighty, not resistant to hostile enchantments, extremely unstealthy
A: permanent stasis, dig shafts and tunnels, four strong arms, antennae 3
a: Dig, Shaft Self


You were on level 4 of the Dungeon.
You were not hungry.

You visited 1 branch of the dungeon, and saw 4 of its levels.

You collected 167 gold pieces.

Inventory:

Hand Weapons
 a - a +0 war axe (weapon)
 x - a +1 hunting sling of freezing
 D - a +2 hunting sling of flaming
Missiles
 f - 59 sling bullets
 j - 97 bolts
Armour
 b - a +0 scale mail (worn)
 c - a +0 shield (worn)
Jewellery
 m - a ring of poison resistance (right hand)
 w - an uncursed ring of protection from fire
 E - an amulet of warding (around neck)
Wands
 s - a wand of confusion (33)
 z - a wand of enslavement (9)
Scrolls
 B - a scroll of enchant weapon
Potions
 d - a potion of might
 h - a potion of cure mutation {unknown}
 i - a potion of lignification {unknown}
 o - a potion of haste {unknown}
 p - 3 potions of brilliance
 u - a potion of heal wounds {unknown}
Books
 y - a book of the Sky

   Spells                             Type                      Level
   a - Summon Lightning Spire         Summoning/Air                4
   b - Airstrike                      Air                          4
   c - Silence                        Hexes/Air                    5
   d - Deflect Missiles               Charms/Air                   6
   e - Conjure Ball Lightning         Conjuration/Air              6
   f - Tornado                        Air                          9
Comestibles
 e - a bread ration
 n - a beef jerky


   Skills:
 + Level 4.1 Fighting
 + Level 3.1 Axes
 + Level 4.4 Armour
 + Level 2.5 Dodging
 + Level 5.5 Shields


You had 5 spell levels left.
You didn't know any spells.

Dungeon Overview and Level Annotations

Branches:
Dungeon (4/15)
 Temple: D:4-7

Altars:
Cheibriados
Gozag
Sif Muna
Trog
Xom
The Shining One


Innate Abilities, Weirdness & Mutations

You are under a permanent stasis effect.
You can dig through walls and to a lower floor.
Your four strong arms can wield two-handed weapons with a shield.
You have a pair of large antennae on your head (SInv).


Message History

Drink which item? (? for menu, Esc to quit)
You feel better.
The orc priest invokes the aid of Beogh against you.
Something smites you!
* * * LOW HITPOINT WARNING * * *
Drink which item? (? for menu, Esc to quit)
You feel better. The orc priest hits you with a club.
* * * LOW HITPOINT WARNING * * *
The orc priest hits you but does no damage.
Drink which item? (? for menu, Esc to quit)
You feel very mighty all of a sudden.
The orc priest looks braver for a moment.
You block the orc priest's attack.
You hit the orc priest.
The orc priest is moderately wounded.
You slash the orc priest!
The orc priest is almost dead.
The orc priest mumbles some strange prayers to Beogh against you.
Pain shoots through your body!
You die...

#.....#+## #.....#
#...†.# #.....##
###....# {#....#
#....+
###+##....###+###.
.<........@.......
.........oo)......
..................
..................
..#########.......
. ....... .......
.......


You could see 2 orc priests.

Vanquished Creatures
  A hungry ghost (D:3)
  A hound (D:4)
  Natasha (twice) (D:2)
  A worker ant zombie (D:3)
  4 adders
  2 oozes (D:3)
  An adder skeleton (D:3)
  3 worms
  2 giant geckos
  4 orcs
  7 giant cockroaches
  5 goblins (D:3)
  10 hobgoblins
  12 kobolds
  7 bats
  5 giant newts
  A quokka (D:3)
  9 rats
  A toadstool (D:1)
78 creatures vanquished.

Vanquished Creatures (others)
  3 toadstools (D:1)
3 creatures vanquished.

Grand Total: 81 creatures vanquished

Notes
Turn   | Place    | Note
--------------------------------------------------------------
     0 | D:1      | Rationalist the Formicid Fighter began the quest for the Orb.
     0 | D:1      | Reached XP level 1. HP: 18/18 MP: 1/1
    97 | D:1      | Reached XP level 2. HP: 14/24 MP: 2/2
   663 | D:2      | Reached XP level 3. HP: 30/30 MP: 3/3
   687 | D:2      | Noticed Natasha
   697 | D:2      | Killed Natasha
   697 | D:2      | Reached skill level 1 in Dodging
   697 | D:2      | Reached skill level 4 in Shields
   875 | D:2      | Found a glowing golden altar of the Shining One.
   878 | D:2      | Reached XP level 4. HP: 35/37 MP: 4/4
  1556 | D:2      | Noticed Natasha
  1563 | D:2      | Killed Natasha
  1792 | D:3      | Noticed a hungry ghost
  1803 | D:3      | Reached XP level 5. HP: 29/42 MP: 5/5
  1844 | D:3      | Killed a hungry ghost
  1844 | D:3      | Reached skill level 5 in Shields
  1844 | D:3      | Reached XP level 6. HP: 24/48 MP: 6/6
  2713 | D:3      | Found a deep blue altar of Sif Muna.
  2716 | D:3      | Found a shimmering altar of Xom.
  2719 | D:3      | Found a bloodstained altar of Trog.
  2720 | D:3      | Found a snail-covered altar of Cheibriados.
  2724 | D:3      | Found an opulent altar of Gozag.
  3168 | D:4      | HP: 2/48 [orc priest/divine providence (17)]
  3171 | D:4      | Killed from afar by an orc priest

Action                   |  1- 3 |  4- 6 || total
-------------------------+-------+-------++-------
Melee: War axe           |   103 |   181 ||   284
 Fire: Hunting sling     |       |    22 ||    22
 Abil: Dig               |     2 |     1 ||     3
  Use: Potion            |       |     5 ||     5
       Scroll            |       |     8 ||     8
  Eat: Chunk             |       |     8 ||     8
       Bread ration      |       |     2 ||     2
       Meat ration       |       |     1 ||     1
